 Dungeon Crawl Stone Soup version 0.29-a0-541-gaf1fc19f1b (console) character file.

Game seed: 14963269093366393032

114657 FIQ the Sorcerer (level 17, -7/103 HPs)
             Began as a Djinni Conjurer on June 2, 2022.
             Was a Plaything of Xom.
             Mangled by an azure jelly (21 damage)
             ... in an ice cave.
             The game lasted 01:33:10 (21290 turns).

FIQ the Sorcerer (Djinni Conjurer)                 Turns: 21290, Time: 01:33:11

Health: -7/103     AC: 19    Str:  5      XL:     17   Next: 21%
Gold:   3043       EV:  7    Int: 19 (22) God:    Xom [....*.] SH: 10 Dex: 14

rFire   + + .      SeeInvis .   l - staff of conjuration
rCold   . . .      Faith    .   H - +0 tower shield {AC+3}
rNeg    + . .      Spirit   .   z - +0 leather armour {rC+}
rPois   ∞          Reflect  .   X - +2 helmet
rElec   .          Harm     .   E - +2 ratskin cloak {*Rats rPois rN+ Str-1 Int-1 Dex+1}
rCorr   .          Rampage  .   y - +2 pair of gloves
Will    +++..      Rage     1%  (boots unavailable)
Stlth   +++.......              c - amulet of regeneration
HPRegen 1.07/turn               A - ring of willpower
MPRegen 0.00/turn               V - ring of willpower

@: about to teleport, cleaving, flying, studying Slings
A: sickness immunity, fire resistance 2, cold vulnerability 1, float, innate
caster, HP casting, extra vitality 1, fangs 1, iridescent scales 2, thin
skeletal structure 1, berserk 1, clumsy 1, dopey 2, passive freeze, robust 1,
screaming 1, MP-powered wands, sturdy frame 1
a: Renounce Religion


You were in an ice cave.
You worshipped Xom.
You were a beloved toy of Xom.
You visited 5 branches of the dungeon, and saw 25 of its levels.
You also visited: Sewer, Gauntlet and Ice Cave.

You collected 3043 gold pieces.

Inventory:

Missiles
 J - 2 throwing nets
Armour
 g - the +0 pair of boots of the Monk {*Slow rN+++ Will- Regen+ rCorr}
   (You found it on level 14 of the Dungeon)

   rN:        It renders you almost immune to negative energy.
   Regen:     It increases your rate of health regeneration.
   rCorr:     It protects you from acid and corrosion.
   *Slow:     It may slow you when you take damage.
   Will:      It decreases your willpower.
 v - an orb of mayhem
 y - a +2 pair of gloves (worn)
 z - a +0 leather armour of cold resistance (worn)
 E - the +2 ratskin cloak (worn) {*Rats rPois rN+ Str-1 Int-1 Dex+1}
   (You found it on level 6 of the Dungeon)

   When the wearer is hurt, rats may emerge from it to assist them.
   Str:       It affects your strength (-1).
   Int:       It affects your intelligence (-1).
   Dex:       It affects your dexterity (+1).
   rPois:     It protects you from poison.
   rN:        It protects you from negative energy.
 H - a +0 tower shield of protection (worn)
 Q - a +0 troll leather armour
 X - a +2 helmet (worn)
Magical Staves
 l - a staff of conjuration (weapon)
 S - a staff of fire
 U - a staff of earth
Jewellery
 c - an amulet of regeneration (around neck)
 A - a ring of willpower (left hand)
 F - an amulet of the acrobat
 M - a ring of protection from fire
 V - a ring of willpower (right hand)
Wands
 a - a wand of charming (3)
 b - a wand of mindburst (15)
 q - a wand of paralysis (15)
 u - a wand of flame (42)
 G - a wand of polymorph (8)
 L - a wand of digging (1)
 N - a wand of iceblast (8)
Scrolls
 i - 4 scrolls of identify
 n - 8 scrolls of teleportation
 r - 6 scrolls of fog
 t - 2 scrolls of vulnerability
 w - 4 scrolls of enchant armour
 B - 2 scrolls of poison
 D - 2 scrolls of immolation
 I - a scroll of enchant weapon
 O - a scroll of summoning
 P - a scroll of brand weapon
 Y - a scroll of fear
Potions
 d - 13 potions of curing
 e - 7 potions of brilliance
 f - 3 potions of heal wounds
 h - 3 potions of might
 j - 4 potions of cancellation
 k - a potion of invisibility
 m - 3 potions of lignification
 o - 10 potions of mutation
 p - 6 potions of haste
 x - a potion of ambrosia
 C - 3 potions of resistance
 K - 2 potions of degeneration
 W - 3 potions of attraction


   Skills:
 - Level 2.1 Dodging
 - Level 1.5 Stealth
 + Level 22.3 Spellcasting


You had 16 spell levels left.
You knew the following spells:

 Your Spells              Type           Power      Damage    Failure   Level
a - Magic Dart            Conj           100%       1d8       0%          1
b - Searing Ray           Conj           100%       2d8       0%          2
c - Dazzling Flash        Conj/Hex       100%       N/A       0%          3
d - Fulminant Prism       Conj/Hex       51%        3d23      1%          4
e - Iskenderun's Mystic   Conj/Tloc      100%       2d19      1%          4
f - Summon Small Mammal   Summ           100%       N/A       0%          1
g - Ensorcelled Hibernat  Hex/Ice        100%       N/A       0%          2
h - Blink                 Tloc           100%       N/A       0%          2
i - Stone Arrow           Conj/Erth      100%       3d13      0%          3
j - Petrify               Tmut/Erth      82%        N/A       1%          4
k - Summon Mana Viper     Hex/Summ       82%        N/A       1%          5
l - Starburst             Conj/Fire      51%        6d14      1%          6
m - Orb of Destruction    Conj           51%        9d13      3%          7
Your spell library was empty.

Dungeon Overview and Level Annotations

Branches:
Dungeon (15/15)            Temple (1/1) D:5            Lair (6/6) D:8
 Shoals (0/4) Lair:4       Spider (1/4) Lair:2        Slime (0/5) Lair:5
    Orc (2/2) D:10            Elf (0/3) Orc:2        Vaults (0/5) D:13
  Sewer (visited)           IceCv (1/1)             Gauntlet (visited)
 Depths: D:15

Altars:
Ashenzari
Cheibriados
Dithmenos
Elyvilon
Fedhas
Gozag
Hepliaklqana
Kikubaaqudgha
Makhleb
Nemelex Xobeh
Okawaru
Qazlal
Ru
Sif Muna
Trog
Uskayaw
Vehumet
Wu Jian
Xom
Yredelemnul
Zin
The Shining One
Beogh
Jiyva

Shops:
D:8 *   D:11 *   D:12 [   Orc:1 *   Orc:2 :*[=

Annotations:
IceCv exclusion: orange crystal statue


Innate Abilities, Weirdness & Mutations

You are immune to sickness and miasma.
You are immune to poison.
Your flesh is very heat resistant. (rF++)
You are vulnerable to cold. (rC-)
You float through the air rather than walking.
You learn spells naturally, not from books.
Your magical power is your life essence.
You have superior vitality. (+4 MHP)
You have very sharp teeth.
You are mostly covered in iridescent scales. (AC +4)
You have a somewhat thin skeletal structure. (Dex +2, Stealth+)
You tend to lose your temper in combat.
You are clumsy. (Dex -2)
You are very dopey. (Int -4)
A frigid envelope surrounds you and freezes all who hurt you.
You are robust. (+10% HP)
You occasionally shout uncontrollably at your foes.
You expend health (3 HP) to strengthen your wands.
Your movements are slightly less encumbered by armour. (ER -2)


Message History

* * * LOW HITPOINT WARNING * * *
The slime creature is very cold.
The slime creature is severely wounded.
Your river rat bites the rockslime but does no damage.
A slime creature comes into view.
The slime creature hits your hell rat.
Okay, then.
As you read the scroll of fear, it crumbles to dust.
You assume a fearsome visage.
The slime creature looks frightened! x4
The slime creature resists with some effort.
The rockslime looks frightened!
The azure jelly resists with some effort.
The large slime creature looks frightened!
The slime creature looks frightened!
The rockslime closely misses your river rat.
Your hell rat bites the slime creature!
Your hell rat's attack snaps the slime creature out of its fear.
A slime creature comes into view.
The rockslime hits your river rat!!!
Your river rat stumbles backwards!
Your river rat dies!
A slime creature comes into view.
You swap places.
A slime creature comes into view.
The slime creature quivers.
Your hell rat bites the azure jelly.
The azure jelly hits your hell rat.
The azure jelly freezes your hell rat!!!
Your hell rat dies!
Two slime creatures merge to form a large slime creature.
As you read the scroll of teleportation, it crumbles to dust.
You feel strangely unstable.
A slime creature comes into view.
Cornered, the slime creature turns to fight!
A slime creature comes into view.
Okay, then.
The azure jelly attacks as you move away!
You block the azure jelly's attack. The azure jelly hits you!
* * * LOW HITPOINT WARNING * * *
The azure jelly freezes you!!
You die...
Xom snickers!

### ####### #...§.###
........###
...#......##########
.....#..J.....J....####.
.#._.........#.J@..JJ...
.....#.....###.....####.
...#J....####...J.##
J.......## #......J. #
....### ###.J.J.JJJ ##
## #########


You could see an azure jelly, a large slime creature (fleeing) and 7 slime
creatures.

Vanquished Creatures
  Rupert (Lair:5)
  Kirke (D:14)
  An azure jelly (IceCv)
  A cacodemon (D:14)
  Louise (D:14)
  5 quicksilver oozes (IceCv)
  The ghost of blade888 the Geomancer, a journeyman OpEE of Gozag (D:14)
  A minotaur (Gauntlet)
  A rakshasa (D:15)
  Harold (D:10)
  2 ogre magi (Orc:2)
  2 jorogumos (Spider:1)
  5 hydras (Lair:2)
  2 boulder beetles
  3 centaur warriors
  13 two-headed ogres
  10 death yaks
  A hell hog (Gauntlet)
  Urug (Lair:3)
  An orc high priest (Orc:1)
  Nergalle (Lair:2)
  Sonja (Lair:1)
  3 skeletal warriors (D:14)
  A death drake (shapeshifter) (D:14)
  A steelbarb worm (Spider:1)
  2 deep trolls (Orc:2)
  5 orb spiders
  2 glowing orange brains (D:14)
  Pikel (D:5)
  2 deep elf pyromancers (D:14)
  2 orc knights (D:15)
  2 wolf spiders (Spider:1)
  5 manticores
  17 ugly things
  An orc sorcerer (Orc:1)
  6 cyclopes
  12 elephants
  A black mamba (Lair:4)
  A torpor snail (Lair:4)
  Maggie (Lair:2)
  2 rime drakes
  15 cane toads
  2 demonic crawlers (Spider:1)
  2 komodo dragons
  3 kobold demonologists (D:10)
  An efreet (D:15)
  2 unseen horrors (D:12)
  A yaktaur (shapeshifter) (D:14)
  3 entropy weaver simulacra (IceCv)
  5 very ugly thing simulacra (IceCv)
  13 trolls
  9 polar bears
  2 tarantellas (Spider:1)
  Grinder (D:6)
  3 hornets
  4 slime creatures (IceCv)
  A snapping turtle (Lair:4)
  A polar bear (shapeshifter) (D:14)
  16 dream sheep
  17 blink frogs
  A centaur simulacrum (D:15)
  2 jumping spiders (Spider:1)
  51 yaks
  13 spriggans (Lair:6)
  2 wyverns
  4 hogs (D:14)
  A wyvern (shapeshifter) (D:14)
  2 shadows
  A human (D:14)
  A wraith (D:12)
  Eustachio (D:4)
  4 redbacks (Spider:1)
  2 basilisks
  3 neqoxecs (D:14)
  4 fire bats (Gauntlet)
  10 vampire mosquitoes
  Menkaure (D:5)
  2 steam dragons
  5 wargs
  A demonic crawler simulacrum (IceCv)
  19 water moccasins
  Duvessa (D:4)
  2 hell hounds (Gauntlet)
  A sky beast (D:5)
  4 ice beasts
  A sky beast (shapeshifter) (D:14)
  4 black bears
  17 orc warriors
  2 ugly thing simulacra (IceCv)
  29 wolves
  20 ogres
  4 boggarts (Lair:6)
  3 lemures (D:5)
  4 centaurs
  A phantom (D:5)
  A bullfrog (shapeshifter) (D:14)
  7 kobold brigands
  11 bullfrogs
  A gnoll sergeant (D:7)
  2 scorpions
  2 necrophages
  Dowan (D:4)
  6 howler monkeys
  2 electric eels (Lair:6)
  5 hounds
  5 jellies
  3 iron imps (D:9)
  22 orc priests
  Jessica (D:2)
  14 orc wizards
  7 iguanas
  7 hell rats (D:6)
  Robin (D:4)
  9 gnolls
  An adder (shapeshifter) (D:14)
  6 adders
  20 river rats
  A shadow imp (D:6)
  An ufetubus (D:6)
  A worm (shapeshifter) (D:14)
  9 worms
  2 dart slugs
  86 orcs
  6 bats
  5 endoplasms
  7 giant cockroaches
  11 goblins
  14 hobgoblins
  5 jackals
  5 quokkas
  9 ball pythons
  A frilled lizard (D:3)
  14 kobolds
  8 rats
  A butterfly (Lair:2)
  2 fulminant prisms
769 creatures vanquished.

Vanquished Creatures (collateral kills)
  A wraith (D:8)
  A wyvern (Lair:2)
  2 sky beasts (D:7)
  An ogre (Orc:2)
  A howler monkey (D:10)
  2 orc priests
  2 orc wizards
10 creatures vanquished.

Vanquished Creatures (others)
  A dancing weapon (D:15)
  A necromancer (D:13)
  A cane toad (Lair:6)
  An ogre (Orc:2)
  An orc wizard (Orc:1)
  235 fulminant prisms
  64 fungi
  46 plants
  2 withered plants (D:15)
352 creatures vanquished.

Grand Total: 1131 creatures vanquished

Notes
Turn   | Place    | Note
-------+----------+-------------------------------------------
     0 | D:1      | FIQ the Djinni Conjurer began the quest for the Orb.
     0 | D:1      | Reached XP level 1. HP: 15/15 MP: 0/0
   137 | D:1      | Reached XP level 2. HP: 3/21 MP: 0/0
   800 | D:1      | Reached XP level 3. HP: 20/25 MP: 0/0
   800 | D:1      | Learned a level 1 spell: Summon Small Mammal
   986 | D:1      | Reached skill level 4 in Spellcasting
   995 | D:1      | Found a faded altar of an unknown god.
  1455 | D:2      | Found a snail-covered altar of Cheibriados.
  1499 | D:2      | Noticed Jessica
  1506 | D:2      | Killed Jessica
  1507 | D:2      | Reached XP level 4. HP: 30/31 MP: 0/0
  2259 | D:3      | Reached XP level 5. HP: 33/35 MP: 0/0
  2259 | D:3      | Learned a level 2 spell: Ensorcelled Hibernation
  2702 | D:3      | Reached skill level 5 in Spellcasting
  2849 | D:3      | Found a shadowy altar of Dithmenos.
  3131 | D:4      | Noticed Robin
  3136 | D:4      | Killed Robin
  3199 | D:4      | Noticed an ogre
  3206 | D:4      | Killed an ogre
  3207 | D:4      | Reached XP level 6. HP: 34/40 MP: 0/0
  3520 | D:4      | Reached skill level 6 in Spellcasting
  3628 | D:4      | Found a glowing drain.
  3632 | D:4      | Noticed Eustachio
  3639 | Sewer    | Entered a sewer
  3732 | Sewer    | Reached XP level 7. HP: 41/45 MP: 0/0
  3732 | Sewer    | Learned a level 2 spell: Blink
  4159 | Sewer    | Reached skill level 7 in Spellcasting
  4184 | Sewer    | Reached XP level 8. HP: 48/50 MP: 0/0
  4219 | D:4      | Killed Eustachio
  4334 | D:4      | Noticed Duvessa
  4334 | D:4      | Noticed Dowan
  4340 | D:4      | Killed Duvessa
  4340 | D:4      | Killed Dowan
  4341 | D:4      | Reached skill level 8 in Spellcasting
  5010 | D:5      | Entered Level 5 of the Dungeon
  5010 | D:5      | Found a staircase to the Ecumenical Temple.
  5017 | Temple   | Entered the Ecumenical Temple
  5218 | Temple   | Became a worshipper of Xom of Chaos
  5269 | D:5      | Found a glowing golden altar of the Shining One.
  5272 | D:5      | Found a bloodstained altar of Trog.
  5285 | D:5      | Reached XP level 9. HP: 25/55 MP: 0/0
  5285 | D:5      | Learned a level 3 spell: Stone Arrow
  5295 | D:5      | Reached skill level 9 in Spellcasting
  5405 | D:5      | Noticed Menkaure
  5408 | D:5      | Killed Menkaure
  5432 | D:5      | Noticed Pikel
  5444 | D:5      | Killed Pikel
  5447 | D:5      | XOM: scenery: summon butterflies
  5450 | D:5      | Reached skill level 10 in Spellcasting
  5776 | D:5      | XOM: noise
  6040 | D:6      | Found a hide-covered altar of Uskayaw.
  6175 | D:6      | Noticed Grinder
  6186 | D:6      | Killed Grinder
  6255 | D:6      | XOM: silly message
  6333 | D:6      | XOM: divination: magic mapping
  6355 | D:6      | Reached XP level 10. HP: 58/60 MP: 0/0
  6432 | D:6      | XOM: silly message
  6448 | D:6      | XOM: silly message
  6470 | D:6      | Found the +2 ratskin cloak {*Rats rPois rN+ Str-1 Int-1
                  | Dex+1}
  6472 | D:6      | XOM: potion effect (brilliance)
  6545 | D:6      | XOM: scenery: summon butterflies
  6587 | D:6      | Reached skill level 11 in Spellcasting
  6699 | D:6      | XOM: scenery: create altars
  6829 | D:7      | XOM: enchant monster (good)
  6832 | D:7      | XOM: fake destruction
  6876 | D:7      | XOM: polymorph orc wizard -> jelly
  6881 | D:7      | XOM: summons 9 friendly demons
  7110 | D:7      | XOM is BORED!
  7110 | D:7      | XOM: give mutations
  7110 | D:7      | Gained mutation: You are dopey. (Int -2) [Xom's mischief]
  7110 | D:7      | Gained mutation: You are partially covered in iridescent
                  | scales. (AC +2) [Xom's mischief]
  7147 | D:7      | Found a sacrificial altar of Ru.
  7329 | D:7      | XOM: give mutations
  7329 | D:7      | Gained mutation: You are strong-willed. (Will+) [Xom's
                  | grace]
  7329 | D:7      | Gained mutation: A frigid envelope surrounds you and
                  | freezes all who hurt you. [Xom's grace]
  7369 | D:8      | Found a staircase to the Lair.
  7392 | D:8      | XOM: confuse monster(s)
  7407 | D:8      | XOM: divination: detect items
  7408 | D:8      | Reached skill level 12 in Spellcasting
  7462 | D:8      | Found Wetrat's Gadget Gallery.
  7462 | D:8      | XOM: 7-stop teleportation journey
  7533 | D:8      | Reached XP level 11. HP: 63/65 MP: 0/0
  7533 | D:8      | Learned a level 4 spell: Petrify
  7590 | D:8      | Found a basalt altar of Yredelemnul.
  8134 | D:9      | XOM: 3-stop teleportation journey
  8218 | D:9      | Found an opulent altar of Gozag.
  8274 | D:9      | Found a glowing silver altar of Zin.
  8431 | D:9      | XOM: 3-stop teleportation journey
  8594 | D:9      | Found a burning altar of Makhleb.
  8936 | D:10     | Entered Level 10 of the Dungeon
  8964 | D:10     | XOM: fake destruction
  8970 | D:10     | Reached skill level 13 in Spellcasting
  9013 | D:10     | Found a staircase to the Orcish Mines.
  9067 | D:10     | Noticed Grum
  9067 | D:10     | Noticed a two-headed ogre
  9069 | D:10     | Noticed Grum
  9069 | D:10     | Grum changed into Grum the worm
  9069 | D:10     | XOM: polymorph Grum -> Grum the worm
  9070 | D:10     | Killed Grum the worm
  9074 | D:10     | Killed a two-headed ogre
  9109 | D:10     | Noticed Harold
  9113 | D:10     | XOM: fog
  9117 | D:10     | Killed Harold
  9138 | D:10     | XOM: fake destruction
  9155 | D:10     | Found a hazy altar of Hepliaklqana.
  9169 | D:10     | XOM: god gift: scroll labelled QAT XIUMIFU {god gift}
  9416 | D:10     | Reached skill level 14 in Spellcasting
  9563 | D:10     | XOM: scenery: 1 doors open
  9721 | Lair:1   | Entered Level 1 of the Lair of Beasts
  9871 | Lair:1   | Reached XP level 12. HP: 61/70 MP: 0/0
  9945 | Lair:1   | Found a gate leading to a gauntlet.
  9954 | Gauntlet | Entered a Gauntlet
  9954 | Gauntlet | Found a transporter.
  9963 | Gauntlet | Found a transporter.
  9964 | Gauntlet | Noticed a hell hog
  9964 | Gauntlet | Noticed a wretched star
  9980 | Gauntlet | Found a transporter.
  9984 | Gauntlet | Found a transporter.
  9997 | Gauntlet | Noticed a great orb of eyes
 10005 | Gauntlet | Found a transporter.
 10016 | Gauntlet | Noticed a catoblepas
 10018 | Gauntlet | Found a transporter.
 10031 | Gauntlet | Found a transporter.
 10032 | Gauntlet | Found a transporter.
 10051 | Gauntlet | Noticed a dire elephant
 10055 | Gauntlet | Found a transporter.
 10063 | Gauntlet | XOM: divination: detect items
 10082 | Gauntlet | Found a runed translucent door.
 10082 | Gauntlet | Found a transporter.
 10082 | Gauntlet | Found a transporter.
 10088 | Gauntlet | Found a transporter.
 10097 | Gauntlet | Found a runed translucent door.
 10135 | Gauntlet | XOM: cast spell 'Death Channel'
 10152 | Gauntlet | Killed a hell hog
 10170 | Gauntlet | Identified the +0 cloak "Qeeshab" {+Blink +Inv}
 10222 | Gauntlet | Noticed a minotaur
 10232 | Gauntlet | Killed a minotaur
 10293 | Gauntlet | Identified the +4 acid dragon scales of Eplifui {rCorr
                  | Str+3}
 10294 | Gauntlet | Got the Handbook of Creative Shape Shifting
 10296 | Gauntlet | Identified the +2 ring mail of the Desolation of Salt
                  | {Will- Int+8}
 10337 | Lair:1   | Noticed Sonja
 10340 | Lair:1   | Killed Sonja
 10341 | Lair:1   | Reached skill level 15 in Spellcasting
 10384 | Lair:1   | XOM: divination: magic mapping
 10701 | Lair:1   | XOM: divination: detect creatures
 10782 | Lair:1   | XOM: fake destruction
 10796 | Lair:1   | Identified the +2 dagger "Kuluc" {distort, Int+3}
 10879 | Lair:1   | XOM: give mutations
 10879 | Lair:1   | Gained mutation: You are clumsy. (Dex -2) [Xom's mischief]
 10879 | Lair:1   | Lost mutation: You are clumsy. (Dex -2) [Xom's mischief]
 10970 | Lair:1   | XOM: give mutations
 10970 | Lair:1   | Gained mutation: You are robust. (+10% HP) [Xom's mischief]
 10970 | Lair:1   | Gained mutation: You are mostly covered in iridescent
                  | scales. (AC +4) [Xom's mischief]
 10989 | Lair:2   | Noticed a seven-headed hydra
 10989 | Lair:2   | Noticed a seven-headed hydra
 10994 | Lair:2   | Killed a seven-headed hydra
 10994 | Lair:2   | Killed a seven-headed hydra
 11055 | Lair:2   | Noticed a seven-headed hydra
 11061 | Lair:2   | Killed a seven-headed hydra
 11140 | Lair:2   | Noticed a four-headed hydra
 11140 | Lair:2   | XOM: 1-stop teleportation journey
 11147 | Lair:2   | Killed a four-headed hydra
 11194 | Lair:2   | XOM: cleaving
 11229 | Lair:2   | Noticed Nergalle
 11239 | Lair:2   | Killed Nergalle
 11265 | Lair:2   | Noticed an orb spider
 11269 | Lair:2   | Found a hole to the Spider Nest.
 11276 | Lair:2   | Killed an orb spider
 11277 | Lair:2   | Reached skill level 16 in Spellcasting
 11277 | Lair:2   | Reached XP level 13. HP: 77/82 MP: 0/0
 11277 | Lair:2   | Learned a level 5 spell: Summon Mana Viper
 11286 | Lair:2   | Noticed a boulder beetle
 11304 | Lair:2   | XOM: enchant monster (good)
 11317 | Lair:2   | Killed a boulder beetle
 11369 | Lair:2   | XOM: fake destruction
 11707 | Lair:2   | Noticed Maggie
 11716 | Lair:2   | Killed Maggie
 11778 | Lair:2   | XOM: give mutation
 11778 | Lair:2   | Gained mutation: You are partially covered in large bone
                  | plates. (SH +4) [Xom's mischief]
 11911 | Lair:2   | Noticed a seven-headed hydra
 11917 | Lair:2   | Killed a seven-headed hydra
 12051 | Lair:2   | XOM: god gift: 634 gold pieces
 12166 | Lair:2   | XOM: give mutations
 12166 | Lair:2   | Gained mutation: You have a somewhat thin skeletal
                  | structure. (Dex +2, Stealth+) [Xom's mischief]
 12166 | Lair:2   | Lost mutation: You are partially covered in large bone
                  | plates. (SH +4) [Xom's mischief]
 12166 | Lair:2   | Gained mutation: You occasionally shout uncontrollably at
                  | your foes. [Xom's mischief]
 12222 | Lair:3   | Noticed Urug
 12345 | Lair:3   | XOM: silly message
 12363 | Lair:3   | Reached skill level 17 in Spellcasting
 12365 | Lair:3   | Killed Urug
 12365 | Lair:3   | XOM: swap monsters
 12547 | Lair:3   | XOM: summons 4 hostile shadow creatures
 12672 | Lair:3   | XOM: give mutations
 12672 | Lair:3   | Gained mutation: You are very dopey. (Int -4) [Xom's
                  | mischief]
 12979 | Lair:3   | XOM: noise
 12985 | Lair:3   | XOM: enchant monster (bad)
 13043 | Lair:3   | XOM: torment (47/82 hp)
 13086 | Lair:3   | XOM: torment (47/82 hp)
 13541 | Lair:1   | XOM: summons 7 hostile demons
 13645 | Lair:4   | Reached XP level 14. HP: 72/88 MP: 0/0
 13648 | Lair:4   | XOM: summons 1 hostile shadow creature
 13650 | Lair:4   | XOM: summons 14 friendly demons
 13668 | Lair:4   | Reached skill level 18 in Spellcasting
 14030 | Lair:4   | XOM: 2-stop teleportation journey
 14039 | Lair:4   | Found a staircase to the Shoals.
 14041 | Lair:4   | XOM: give mutations
 14041 | Lair:4   | Gained mutation: You expend health (3 HP) to strengthen
                  | your wands. [Xom's grace]
 14041 | Lair:4   | Gained mutation: You have very sharp teeth. [Xom's grace]
 14046 | Lair:4   | XOM: divination: magic mapping
 14126 | Lair:4   | XOM: cloud trail
 14550 | Lair:5   | Found a viscous altar of Jiyva.
 14550 | Lair:5   | Found a staircase to the Slime Pits.
 14567 | Lair:5   | XOM: cloud trail
 14590 | Lair:5   | XOM: cleaving
 14692 | Lair:5   | Noticed Rupert
 14708 | Lair:5   | XOM: noise
 14711 | Lair:5   | Killed Rupert
 15092 | Lair:6   | Entered Level 6 of the Lair of Beasts
 15097 | Lair:6   | XOM: stat loss: -1 Int (18/19)
 15116 | Lair:6   | XOM: swap monsters
 15124 | Lair:6   | XOM: confusion
 15132 | Lair:6   | XOM: 5-stop teleportation journey
 15152 | Lair:6   | XOM: chaos cloud
 15158 | Lair:6   | XOM: destruction
 15159 | Lair:6   | Reached skill level 19 in Spellcasting
 15224 | Lair:6   | XOM: enchant monster (bad)
 15273 | Lair:6   | XOM: 1-stop teleportation journey
 15303 | Lair:6   | Reached XP level 15. HP: 45/93 MP: 0/0
 15303 | Lair:6   | Learned a level 6 spell: Starburst
 15308 | Lair:6   | XOM: summons friendly ufetubus
 15411 | Lair:6   | XOM: god gift: +2 trident of protection
 15508 | Lair:6   | XOM: divination: magic mapping
 15572 | Lair:6   | XOM: summons 8 hostile demons
 15829 | Lair:6   | XOM is BORED!
 15829 | Lair:6   | XOM: summons 3 hostile shadow creatures
 16019 | Lair:6   | XOM: summons 2 hostile shadow creatures
 16200 | Lair:6   | XOM: give mutations
 16200 | Lair:6   | Gained mutation: You are clumsy. (Dex -2) [Xom's mischief]
 16200 | Lair:6   | Lost mutation: You are strong-willed. (Will+) [Xom's
                  | mischief]
 16200 | Lair:6   | Gained mutation: Your movements are slightly less
                  | encumbered by armour. (ER -2) [Xom's mischief]
 16564 | D:11     | Found Resuor's General Store.
 16599 | D:11     | XOM: polymorph centaur -> jelly
 16868 | D:12     | Found Ojaqer's Antique Armour Shop.
 17143 | D:12     | XOM: polymorph purple ugly thing -> green ugly thing
 17506 | D:13     | Reached skill level 20 in Spellcasting
 17545 | D:13     | XOM: 1-stop teleportation journey
 17620 | D:13     | Found a gate to the Vaults.
 17904 | D:13     | Found a shadowy altar of Dithmenos.
 18333 | D:14     | Noticed Kirke
 18337 | D:14     | Killed Kirke
 18405 | D:14     | XOM: cloud trail
 18502 | D:14     | XOM: cleaving
 18509 | D:14     | XOM: god gift: amulet of regeneration
 18540 | D:14     | Found a white marble altar of Elyvilon.
 18561 | D:14     | Noticed Louise
 18573 | D:14     | Killed Louise
 18682 | D:14     | XOM: enchant monster (good)
 18696 | D:14     | XOM: polymorph red ugly thing -> green ugly thing
 18787 | D:14     | Reached XP level 16. HP: 99/99 MP: 0/0
 18916 | D:14     | Found a runed translucent gate.
 18916 | D:14     | Found a runed translucent gate.
 18917 | D:14     | Found a runed translucent gate.
 19017 | D:14     | Found a runed translucent gate.
 19017 | D:14     | Found a runed translucent gate.
 19017 | D:14     | Noticed blade888's ghost (journeyman OpEE)
 19020 | D:14     | Found a runed translucent gate.
 19069 | D:14     | Killed blade888's ghost
 19082 | D:14     | Reached skill level 21 in Spellcasting
 19244 | D:14     | Identified the +0 pair of boots of the Monk {*Slow rN+++
                  | Will- Regen+ rCorr}
 19251 | D:14     | Gained mutation: You tend to lose your temper in combat.
                  | [mutagenic glow]
 19291 | D:15     | Entered Level 15 of the Dungeon
 19503 | Orc:1    | Entered Level 1 of the Orcish Mines
 19904 | Orc:2    | Entered Level 2 of the Orcish Mines
 19904 | Orc:2    | Found a staircase to the Elven Halls.
 20030 | Orc:2    | XOM: enchant monster (good)
 20101 | Orc:2    | Found Koustraz's Antique Armour Boutique.
 20101 | Orc:2    | XOM: enchant monster (good)
 20125 | Orc:2    | XOM: divination: magic mapping
 20148 | Orc:2    | XOM: polymorph cyclops -> two-headed ogre
 20279 | Orc:2    | XOM: scenery: summon butterflies
 20360 | Orc:2    | Found Inuwet's Jewellery Boutique.
 20361 | Orc:2    | Found Ciangukh's General Store.
 20361 | Orc:2    | XOM: 2-stop teleportation journey
 20443 | Orc:2    | Found Hepnikut's Book Shop.
 20656 | Orc:2    | XOM: summons 2 hostile demons
 20749 | Orc:1    | Found Pobol's Practical Paraphernalia.
 20751 | Orc:1    | XOM: cleaving
 21025 | Spider:1 | Entered Level 1 of the Spider Nest
 21039 | Spider:1 | XOM: fog
 21045 | Spider:1 | XOM: fake destruction
 21055 | Spider:1 | XOM: destruction
 21064 | Spider:1 | XOM: potion effect (might)
 21071 | Spider:1 | Found a frozen archway.
 21073 | Spider:1 | Reached skill level 22 in Spellcasting
 21081 | Spider:1 | Reached XP level 17. HP: 36/103 MP: 0/0
 21081 | Spider:1 | Learned a level 7 spell: Orb of Destruction
 21081 | Spider:1 | XOM: destruction
 21085 | IceCv    | Entered an ice cave
 21161 | IceCv    | XOM: destruction
 21257 | IceCv    | XOM: fog
 21274 | IceCv    | XOM: cleaving
 21275 | IceCv    | Found a viscous altar of Jiyva.
 21275 | IceCv    | XOM: 4-stop teleportation journey
 21290 | IceCv    | Mangled by an azure jelly

Illustrated notes

Levels and vault maps discovered:
D:1:      shiori_shiawase, layout_basic, basic_ecumenical_altar,
          minmay_misc_feat_columns
D:2:      layout_loops_ring, basic_altar, hangedman_decor_push,
          minmay_misc_feat_cross, uniq_jessica
D:3:      layout_basic, lemuel_round_altar, serial_corexii_hall,
          chequers_hall_statues_y, corexii_hall_statues_i,
          corexii_hall_statues_s, chequers_garden
D:4:      layout_basic, cheibrodos_sewer_entry_bend, uniq_duvessa,
          uniq_eustachio, uniq_robin
D:5:      layout_cave_pools, grunt_temple_overflow_open, temple_fountains,
          uniq_pikel, uniq_menkaure
D:6:      wander_guarded_unrand_ratskin, layout_loops_cross,
          lemuel_crystal_altar, nrook_mini_vaults, uniq_grinder
D:7:      layout_cave_pools, general_overflow_altar
D:8:      layout_cave_pools, mainiacjoe_overflow_six_doors_small,
          lair_entry_dummy, nicolae_shop_gadgets
D:9:      kennysheep_steamy, layout_basic,
          pdpol_temple_overflow_zin_treasury_gozag_greed, demons_altar
D:10:     layout_roguey, lemuel_tele_altar, orc_0_dummy,
          kennysheep_generic_room_7, uniq_harold, uniq_grum
D:11:     layout_big_octagon, serial_shops, nicolae_inconvenience_store
D:12:     layout_basic, nicolae_take_the_stairs
D:13:     layout_loops_ring, david_vaults_1, nicolae_dithmenos_the_darkroom
D:14:     layout_roguey, ploomutoo_gammafunk_ghost_potion_laboratory,
          minmay_door_square, elyvilon_altar_3, uniq_louise, uniq_kirke
D:15:     gammafunk_depths_entry_grave, layout_rooms,
          chequers_serial_rivers_micro_a, serial_shops,
          nicolae_shop_advertising_works [nicolae_subvault_shop_adworks]
Temple:   minmay_temple_bridge_abc
Lair:1:   layout_cellular_growth, gauntlet_entry_generic, lemuel_fruit_tree,
          uniq_sonja
Lair:2:   layout_cave_pods, nicolae_spider_entry_orb_guardian,
          minmay_hedge_maze, chequers_serial_rivers_small_3,
          lemuel_fruit_fields, uniq_maggie, uniq_nergalle
Lair:3:   layout_regular_city, beast_lair_carwin_10, uniq_urug
Lair:4:   beast_lair_carwin_large_3, layout_loops_ring, minmay_shoals_entry_hut,
          chequers_serial_rivers_micro_a
Lair:5:   layout_gridlike, dpeg_slime_entry_enclosed_altar, st_stairs_13,
          uniq_rupert
Lair:6:   minmay_lair_end_enchanted_forest, layout_loops_ring,
          nicolae_quartered_pool_medium, minivault_11
Spider:1: layout_chambers, portal_ice_cave_entry_pillars_1, drop_trap
Orc:1:    layout_caves, nicolae_alphabet_shops, minmay_orc_temple_c
Orc:2:    st_orc_open, layout_caves
IceCv:    ice_cave_hellmonk_azure_passage

Skill      XL: |  1  2  3  4  5  6  7  8  9 10 11 12 13 14 15 16 |
---------------+-------------------------------------------------+-----
Spellcasting   | 4 5 6 7 8 10 12 14 16 17 19 20 22 | 22.3
Dodging        | |  2.1
Stealth        | |  1.5

Action                   |  1- 3 |  4- 6 |  7- 9 | 10-12 | 13-15 | 16-18 || total
-------------------------+-------+-------+-------+-------+-------+-------++-------
Melee: Unarmed           |     5 |       |       |       |       |       ||     5
       Staff             |       |     2 |     2 |     7 |    13 |     6 ||    30
       Bite              |       |       |       |       |     1 |     2 ||     3
 Cast: Magic Dart        |    57 |    39 |       |     2 |     4 |     1 ||   103
       Searing Ray       |     1 |    32 |    45 |    47 |    54 |    15 ||   194
       Fulminant Prism   |       |     1 |    11 |    60 |   120 |    45 ||   237
       Blink             |       |       |     3 |     3 |       |     1 ||     7
       Iskenderun's Myst |       |       |    20 |    68 |   138 |    67 ||   293
       Stone Arrow       |       |       |       |     3 |     1 |       ||     4
       Petrify           |       |       |       |     8 |       |       ||     8
       Summon Mana Viper |       |       |       |       |     3 |       ||     3
       Dazzling Flash    |       |       |       |       |     1 |       ||     1
       Starburst         |       |       |       |       |    49 |    66 ||   115
Evoke: Wand              |       |       |       |       |       |     2 ||     2
  Use: Scroll            |       |     2 |       |    21 |     6 |     6 ||    35
       Potion            |       |       |       |       |     2 |     3 ||     5
 Stab: Sleeping          |       |     1 |       |       |       |       ||     1
Armor: Robe              |     6 |     3 |     5 |    28 |    23 |       ||    65
       Leather armour    |       |       |       |       |    12 |     4 ||    16
       Troll leather arm |       |       |       |       |    11 |    45 ||    56
Dodge: Dodged            |    17 |    11 |    23 |    29 |    45 |    24 ||   149
Block: Tower shield      |       |       |       |     4 |    38 |    34 ||    76

Table legend: (Time is in decaauts)
 A = Elapsed time spent in this place.
 B = Non-inter-level travel time spent in this place.
 C = Inter-level travel time spent in this place.
 D = Time resting spent in this place.
 E = Time spent auto-exploring this place.
 F = Levels seen in this place.
 G = Mean time per level.
                   A        B        C        D        E       F      G
               +--------+--------+--------+--------+--------+-----+--------+
         Total |  21329 |  19622 |   1707 |     89 |  14880 |  28 |  761.8 |
       Dungeon |  12173 |  11067 |   1106 |     89 |   8629 |  15 |  811.5 |
        Temple |    221 |    194 |     27 |      0 |    183 |   1 |  221.0 |
          Lair |   6293 |   5788 |    505 |      0 |   4399 |   6 | 1048.8 |
   Spider Nest |     60 |     59 |      1 |      0 |      0 |   1 |   60.0 |
  Orcish Mines |   1424 |   1356 |     68 |      0 |    971 |   2 |  712.0 |
         Sewer |    571 |    571 |      0 |      0 |    385 |   1 |  571.0 |
      Ice Cave |    204 |    204 |      0 |      0 |     96 |   1 |  204.0 |
      Gauntlet |    379 |    379 |      0 |      0 |    217 |   1 |  379.0 |
               +--------+--------+--------+--------+--------+-----+--------+

Top non-repeatable levels by time:
     D:1: 1437 daAuts
  Lair:2: 1389 daAuts
     D:4: 1369 daAuts
  Lair:3: 1174 daAuts
  Lair:6: 1153 daAuts
     D:3: 1102 daAuts
    D:14: 1097 daAuts
     D:9: 1068 daAuts
  Lair:1: 1010 daAuts
  Lair:4: 894 daAuts
    D:10: 856 daAuts
   Orc:2: 803 daAuts
     D:6: 791 daAuts
    D:13: 772 daAuts
     D:2: 709 daAuts
